 Dungeon Sprint DCSS version 0.29-a0-925-g0a7a3d12f8 (webtiles) character file.

Game seed: 5444597543040607333

711 rocky1 the Nimble (level 7, -20/93 HPs)
             Began as a Merfolk Gladiator on July 28, 2022.
             Was a Follower of Okawaru.
             Demolished by a death cob (28 damage)
             ... in the Dungeon (Sprint VII: "The Pits").
             The game lasted 00:03:02 (962 turns).

rocky1 the Nimble (Merfolk Gladiator)                Turns: 962, Time: 00:03:03

Health: -20/93     AC: 11    Str: 16    XL:     7   Next: 68%
Magic:  10/11      EV: 19    Int:  8    God:    Okawaru [*.....]
Gold:   0          SH:  0    Dex: 15    Spells: 6/6 levels left

rFire   . . .      SeeInvis .   o - +2 trident (vorpal)
rCold   . . .      Faith    .   (no shield)
rNeg    . . .      Spirit   .   a - +3 ring mail
rPois   .          Reflect  .   c - +0 helmet
rElec   .          Harm     .   (no cloak)
rCorr   .          Rampage  .   (no gloves)
Will    .....      NoTele   +   (no boots)
Stlth   ..........              (no amulet)
HPRegen 0.25/turn               (no ring)
MPRegen 0.12/turn               (no ring)

@: berserking (expiring), heroic, slowed
A: (nimble swimmer 2), mertail
a: Renounce Religion, Heroism


You were in the Dungeon.
You worshipped Okawaru.
Okawaru was aware of your devotion.
You visited 1 branch

Inventory:

Hand Weapons
 o - a +2 vorpal trident (weapon)
 p - a +3 long sword of flaming
Missiles
 d - 2 throwing nets (quivered)
 e - a javelin
Armour
 a - a +3 ring mail (worn)
 b - a +0 leather armour
 c - a +0 helmet (worn)
 n - a +2 plate armour
Scrolls
 k - a scroll of blinking
 m - 5 scrolls of amnesia
Potions
 f - 6 potions of curing
 g - 6 potions of heal wounds
 h - a potion of haste
 i - 4 potions of magic
 j - a potion of berserk rage
 l - 2 potions of invisibility


   Skills:
 + Level 8.2(13.2) Fighting
 + Level 11.0(16.0) Polearms
 - Level 2.7(7.7) Throwing
 + Level 5.3(10.3) Armour
 + Level 11.1(16.1) Dodging
 - Level 6.2 Invocations


You had 6 spell levels left.
You didn't know any spells.
Your spell library was empty.

Dungeon Overview and Level Annotations

Branches:
Dungeon (1/1)

Altars:
Ashenzari
Cheibriados
Dithmenos
Elyvilon
Fedhas
Gozag
Hepliaklqana
Kikubaaqudgha
Makhleb
Nemelex Xobeh
Okawaru
Qazlal
Ru
Sif Muna
Trog
Uskayaw
Vehumet
Wu Jian
Xom
Yredelemnul
Zin
The Shining One
Jiyva
Lugonu


Innate Abilities, Weirdness & Mutations

((You are very nimble when in or above water. (Stealth+, EV+, Speed+++)))
Your lower body shifts to a powerful aquatic tail in water.


Message History

You hit the death cob.
The death cob is heavily damaged.
The death cob hits you. The death cob drains your vigour!
You feel as though you will be slow longer.
The death cob hits you!!
* * * LOW HITPOINT WARNING * * *
The death cob drains your vigour!
You feel as though you will be slow longer.
The gnoll barely misses you.
You hit the death cob but do no damage.
The death cob is heavily damaged.
The death cob completely misses you.
You miss the death cob.
The death cob is heavily damaged.
The death cob closely misses you. The gnoll closely misses you.
The death cob barely misses you.
You closely miss the death cob.
The death cob is heavily damaged.
The death cob hits you.
* * * LOW HITPOINT WARNING * * *
You hit the death cob.
The death cob is heavily damaged.
The death cob misses you.
The gnoll hits you from afar with a +0 vorpal spear.
* * * LOW HITPOINT WARNING * * *
x2 The death cob closely misses you.
You barely miss the death cob.
The death cob is heavily damaged.
The death cob barely misses you. The gnoll misses you.
You hit the death cob.
The death cob is heavily damaged.
The death cob barely misses you. x2
You miss the death cob.
You punch the death cob, but do no damage.
The death cob is heavily damaged.
The death cob closely misses you. The gnoll barely misses you.
You barely miss the death cob.
The death cob is heavily damaged.
The death cob hits you!!
You die...

#.#..########...<...#
#.#..'.))..##.......#
#†#..#.))).##.......#
#'###########.......#
#..#.#.##..##########
#.......#†# ###
##.#.#.##.# ...#
#.......#)#gK..#
##.#.#.##@zgg..+
#.......#'#gg..#
##.#.#..).# ...#
########## ###


You could see a death cob, a gnoll bouda, 4 gnolls and a kobold.

Vanquished Creatures
  A flying skull (D)
  A wraith (D)
  A floating eye (D)
  A black bear (D)
  A sky beast (D)
  An iron imp (D)
  A jelly (D)
  An iguana (D)
  3 adders (D)
  An orc (D)
  A ball python (D)
  A bat (D)
  2 giant cockroaches (D)
  3 hobgoblins (D)
  2 kobolds (D)
21 creatures vanquished.

Notes
Turn   | Place    | Note
-------+----------+-------------------------------------------
     0 | D        | rocky1 the Merfolk Gladiator began the quest for the Orb.
     0 | D        | Reached XP level 1. HP: 16/16 MP: 1/1
    25 | D        | Reached skill level 5 in Polearms
    25 | D        | Reached skill level 5 in Dodging
    25 | D        | Reached XP level 2. HP: 11/23 MP: 2/2
   190 | D        | Found a bloodstained altar of Trog.
   190 | D        | Found a shimmering blue altar of Sif Muna.
   190 | D        | Found a viscous altar of Jiyva.
   190 | D        | Found a hazy altar of Hepliaklqana.
   190 | D        | Found an opulent altar of Gozag.
   191 | D        | Found a glowing golden altar of the Shining One.
   191 | D        | Found a glowing silver altar of Zin.
   191 | D        | Found a basalt altar of Yredelemnul.
   191 | D        | Found a shimmering altar of Xom.
   191 | D        | Found an ornate altar of the Wu Jian Council.
   191 | D        | Found a sacrificial altar of Ru.
   191 | D        | Found a stormy altar of Qazlal.
   191 | D        | Found an iron altar of Okawaru.
   191 | D        | Found a sparkling altar of Nemelex Xobeh.
   191 | D        | Found a burning altar of Makhleb.
   191 | D        | Found a blossoming altar of Fedhas.
   191 | D        | Found a white marble altar of Elyvilon.
   191 | D        | Found a shadowy altar of Dithmenos.
   191 | D        | Found a snail-covered altar of Cheibriados.
   193 | D        | Found a radiant altar of Vehumet.
   193 | D        | Found a corrupted altar of Lugonu.
   194 | D        | Found a hide-covered altar of Uskayaw.
   194 | D        | Found an ancient bone altar of Kikubaaqudgha.
   194 | D        | Found a broken altar of Ashenzari.
   199 | D        | Became a worshipper of Warmaster Okawaru
   416 | D        | Noticed a floating eye
   429 | D        | Reached XP level 3. HP: 27/29 MP: 3/3
   442 | D        | Killed a floating eye
   443 | D        | Reached XP level 4. HP: 38/38 MP: 3/6
   443 | D        | Reached XP level 5. HP: 43/43 MP: 3/7
   512 | D        | Noticed a sky beast
   539 | D        | Killed a sky beast
   540 | D        | Reached skill level 5 in Fighting
   546 | D        | Reached XP level 6. HP: 29/52 MP: 7/9
   552 | D        | Reached skill level 5 in Invocations
   688 | D        | Noticed a flying skull
   701 | D        | Killed a flying skull
   701 | D        | Reached * piety under Okawaru
   702 | D        | Reached skill level 10 in Dodging
   702 | D        | Reached XP level 7. HP: 48/60 MP: 9/11
   854 | D        | Noticed a wraith
   865 | D        | Killed a wraith
   866 | D        | Reached skill level 10 in Polearms
   909 | D        | Reached skill level 5 in Armour
   946 | D        | Noticed a death cob
   962 | D        | Demolished by a death cob

Illustrated notes

Levels and vault maps discovered:
D:        pitsprint [storerooms_1, entrance_room_1, metal_vault_4, armoury_3,
          mini_pit_1, grid_room_1, main_hall_1, silver_pit, the_coven_3,
          the_vestibule_1, steel_vault_3, golden_pit, hallway_of_sentries,
          crystal_vault_6, iron_vault_4, final_vault]

Skill      XL: |  1  2  3  4  5  6  7 |
---------------+----------------------+-----
Polearms       | 5 6 7 8 9 11 | 11.0
Dodging        | 5 6 7 8 10 11 | 11.1
Fighting       | 3 4 5 7 8 |  8.2
Armour         | 2 3 4 5 |  5.3
Invocations    | 3 4 6 |  6.2
Throwing       | |  2.7

Action                   |  1- 3 |  4- 6 |  7- 9 || total
-------------------------+-------+-------+-------++-------
Melee: Trident           |    29 |    36 |    40 ||   105
       Punch             |       |       |     2 ||     2
Throw: Throwing net      |       |     3 |       ||     3
Invok: Heroism           |       |       |     1 ||     1
  Use: Potion            |       |     1 |     1 ||     2
 Stab: Sleeping          |     1 |       |       ||     1
Armor: Leather armour    |    10 |       |       ||    10
       Ring mail         |       |    10 |     8 ||    18
Dodge: Dodged            |    22 |    19 |    38 ||    79

Table legend: (Time is in decaauts)
 A = Elapsed time spent in this place.
 B = Non-inter-level travel time spent in this place.
 C = Inter-level travel time spent in this place.
 D = Time resting spent in this place.
 E = Time spent auto-exploring this place.
 F = Levels seen in this place.
 G = Mean time per level.
                   A        B        C        D        E       F      G
               +--------+--------+--------+--------+--------+-----+--------+
         Total |    956 |    937 |     19 |    616 |      0 |   1 |  956.0 |
       Dungeon |    956 |    937 |     19 |    616 |      0 |   1 |  956.0 |
               +--------+--------+--------+--------+--------+-----+--------+

Top non-repeatable levels by time:
       D: 956 daAuts
